 Dungeon Crawl Stone Soup version 0.29.1-2-gbd0b4ee654 (webtiles) character file.

Game seed: 8383665554155180495

147 mortz the Sneak (level 5, -3/28 HPs)
             Began as a Kobold Earth Elementalist on Nov 2, 2022.
             Slain by an iguana (13 damage)
             ... on level 3 of the Dungeon.
             The game lasted 00:12:01 (2560 turns).

mortz the Sneak (Kobold Earth Elementalist)         Turns: 2560, Time: 00:12:02

Health: -3/28      AC:  2    Str:  5    XL:     5   Next: 55%
Magic:  14/18      EV: 15    Int: 19    God:
Gold:   67         SH:  0    Dex: 15    Spells: 3/9 levels left

rFire   + . .      SeeInvis .   e - +0 dagger
rCold   . . .      Faith    .   (no shield)
rNeg    . . .      Spirit   .   a - +0 robe
rPois   +          Reflect  .   (no helmet)
rElec   .          Harm     .   (no cloak)
rCorr   .          Rampage  .   (no gloves)
Will    .....                   (no boots)
Stlth   +++++.....              (no amulet)
HPRegen 0.09/turn               c - ring of wizardry
MPRegen 0.16/turn               d - ring of Sear {rPois rF+ MP+9 Stlth+}

@: no status effects
A: small, no large weapons, nightstalker 3
a: no special abilities


You were on level 3 of the Dungeon.
You visited 1 branch of the dungeon, and saw 3 of its levels.

You collected 67 gold pieces.

Inventory:

Hand Weapons
 e - a +0 dagger (weapon)
 g - a +0 dagger
 m - a +0 short sword
 p - a +0 dagger
 w - a +0 war axe
Missiles
 q - 4 boomerangs
Armour
 a - a +0 robe (worn)
 f - a +0 leather armour
Jewellery
 c - a ring of wizardry (left hand)
 d - the ring of Sear (right hand) {rPois rF+ MP+9 Stlth+}
   (You acquired it on level 1 of the Dungeon)

   [ring of magical power]

   rF:        It protects you from fire.
   rPois:     It protects you from poison.
   MP:        It affects your magic capacity (+9).
   Stlth:     It makes you more stealthy.
Potions
 b - a potion of magic
 h - 2 potions of haste
 i - a potion of resistance
 j - a potion of heal wounds
 k - a potion of cancellation
 o - a potion of might {unknown}
 t - 3 potions of attraction
 v - a potion of curing {unknown}


   Skills:
 + Level 0.2 Fighting
 + Level 1.4 Short Blades
 + Level 2.9 Dodging
 + Level 4.4 Stealth
 + Level 2.9 Spellcasting
 * Level 1.0 Conjurations
 + Level 1.0 Transmutations
 * Level 4.1 Earth Magic


You had 3 spell levels left.
You knew the following spells:

 Your Spells              Type           Power      Damage    Failure   Level
a - Sandblast             Erth           36%        2d10      1%          1
p - Passwall              Tmut/Erth      10%        N/A       3%          2
s - Stone Arrow           Conj/Erth      24%        3d8       6%          3

Your spell library contained the following spells:

 Spells                   Type           Power      Damage    Failure   Level
 Sting                    Tmut/Pois      16%        1d3       5%          1
 Static Discharge         Conj/Air       4%         3-4/arc   8%          2
 Poisonous Vapours        Pois/Air       4%         N/A       10%         2
 Ignite Poison            Fire/Tmut/Pois 4%         N/A       16%         3
 Mephitic Cloud           Conj/Pois/Air  4%         N/A       16%         3
 Gell's Gravitas          Tloc           2%         N/A       19%         3
 Teleport Other           Tloc           2%         N/A       19%         3
 Petrify                  Tmut/Erth      12%        N/A       21%         4
 Sticky Flame             Conj/Fire      4%         2d3       43%         4
 Dispel Undead            Necr           2%         3d7       50%         4
 Olgreb's Toxic Radiance  Pois           2%         N/A       50%         4
 Freezing Cloud           Conj/Ice/Air   2%         6-21      78%         5
 Dispersal                Tloc           1%         N/A       100%        6


Dungeon Overview and Level Annotations

Branches:
Dungeon (3/15) Zot: 15421

Altars:
Yredelemnul


Innate Abilities, Weirdness & Mutations

You are small and have problems with some larger weapons.
You are completely attuned to the shadows.


Message History

Things that are here:
a +0 dagger; a +0 robe; an orc corpse The helpless orc fails to defend itself.
You puncture the orc!
You kill the orc!
Things that are here:
a +0 whip; a +0 leather armour; an orc corpse
Things that are here:
a +0 dagger; a +0 robe; an orc corpse You see here a +0 hand axe.
A hound comes into view.
The helpless hound fails to defend itself.
You puncture the hound!
The hound is almost dead.
The hound closely misses you.
The blast of sand hits the hound.
You kill the hound!
Your Conjurations skill increases to level 1!
Magic restored.
An adder comes into view.
The blast of sand hits the adder.
The adder is moderately wounded.
The adder hisses angrily.
The blast of sand hits the adder!
You kill the adder!
An iguana comes into view.
The blast of sand hits the iguana but does no damage.
A rat comes into view.
The blast of sand hits the iguana.
The iguana is lightly wounded.
The blast of sand hits the iguana.
The iguana is moderately wounded.
The iguana misses you. The iguana bites you.
The blast of sand hits the iguana but does no damage.
The iguana is moderately wounded.
The iguana bites you!
Ouch! That really hurt!
You are too injured to fight recklessly!
The iguana attacks as you move away! The iguana bites you!
You die...

#)##...# .###
#.##.#.## .#
#.##.#... .#
#.##.#.##
#......##
####....####
...........+
####....####
#@#.## #l###
####r## ##.
#.....# #...
...##.####..##
............/.
.....#.....$.#
#......#.....
...#.....#...


You could see an iguana and a rat.

Vanquished Creatures
  A hound (D:3)
  Jessica (D:2)
  An orc wizard (D:3)
  2 adders
  2 orcs (D:3)
  4 ball pythons
  3 endoplasms
  3 goblins
  3 hobgoblins
  5 jackals
  3 quokkas (D:2)
  9 bats
  4 frilled lizards
  4 kobolds
  3 rats
48 creatures vanquished.

Notes
Turn   | Place    | Note
-------+----------+-------------------------------------------
     0 | D:1      | mortz the Kobold Earth Elementalist began the quest for the
                  | Orb.
     0 | D:1      | Reached XP level 1. HP: 10/10 MP: 3/3
   325 | D:1      | Reached XP level 2. HP: 15/15 MP: 3/5
  1268 | D:1      | Identified a scroll of acquirement
  1268 | D:1      | Acquired the ring of Sear {rPois rF+ MP+9 Stlth+}
  1386 | D:1      | Learned a level 2 spell: Passwall
  1473 | D:2      | Reached XP level 3. HP: 19/19 MP: 6/6
  1755 | D:2      | Noticed Jessica
  1757 | D:2      | Killed Jessica
  1758 | D:2      | Reached skill level 1 in Short Blades
  1758 | D:2      | Reached XP level 4. HP: 24/24 MP: 7/7
  1763 | D:2      | Learned a level 3 spell: Stone Arrow
  2321 | D:2      | Found a basalt altar of Yredelemnul.
  2509 | D:3      | Reached XP level 5. HP: 28/28 MP: 9/9
  2527 | D:3      | Reached skill level 1 in Conjurations
  2560 | D:3      | Slain by an iguana

Illustrated notes

Levels and vault maps discovered:
D:1:      grunt_arrival_lava_bath, layout_basic, minmay_pentomino_t4
D:2:      layout_basic, basic_altar, minmay_box_of_dots, uniq_jessica
D:3:      layout_loops_corners, kennysheep_vampire_church, serial_shops,
          nicolae_shop_stone, minmay_increasing_density

Skill      XL: |  1  2  3  4  5 |
---------------+----------------+-----
Stealth        | 3 4 |  4.4
Short Blades   | 1 |  1.4
Earth Magic    | 4 |  4.1
Conjurations   | 1 |  1.0
Fighting       | |  0.2
Dodging        | |  2.9
Spellcasting   | |  2.9
Transmutations | |  1.0

Action                   |  1- 3 |  4- 6 || total
-------------------------+-------+-------++-------
Melee: Dagger            |    11 |    18 ||    29
 Cast: Sandblast         |    18 |    24 ||    42
  Use: Scroll            |     6 |     6 ||    12
 Stab: Sleeping          |    10 |    14 ||    24
Armor: Robe              |       |     3 ||     3
Dodge: Dodged            |     6 |    14 ||    20
